 Dungeon Crawl Stone Soup version 0.20-a0-537-g052e6ba (webtiles) character file.

3914 Klosterheim the Basher (level 10, 0/105 HPs)
             Began as an Ogre Skald on Jan 28, 2017.
             Was an Elder of Okawaru.
             Slain by a killer bee (8 damage)
             ... on level 8 of the Dungeon.
             The game lasted 00:29:56 (12075 turns).

Klosterheim the Basher (Ogre Skald)                Turns: 12075, Time: 00:29:57

Health: 0/105      AC:  5    Str: 17    XL:     10   Next: 20%
Magic:  18/18      EV: 10    Int: 14    God:    Okawaru [****..]
Gold:   297        SH:  0    Dex: 11    Spells: 10/20 levels left

rFire    . . .     SeeInvis .   h - +0 giant spiked club
rCold    . . .     Gourm    .   b - +0 robe
rNeg     . . .     Faith    .   (shield currently unavailable)
rPois    .         Spirit   .   (helmet restricted)
rElec    .         Reflect  .   q - +1 cloak
rCorr    .         Harm     .   (gloves unavailable)
MR       +....                  (boots unavailable)
Stlth    +.........             (no amulet)
Regen    0.3/turn               (no ring)
                                (no ring)

@: about to teleport, repel missiles
A: unfitting armour, tough skin 1
a: Heroism, Renounce Religion


You were on level 8 of the Dungeon.
You worshipped Okawaru.
Okawaru was greatly pleased with you.
You were not hungry.

You visited 1 branch of the dungeon, and saw 8 of its levels.
You also visited: Sewer.

You collected 297 gold pieces.

Inventory:

Hand Weapons
 h - a +0 giant spiked club (weapon)
Armour
 b - a +0 robe (worn)
 q - a +1 cloak (worn)
Jewellery
 g - the ring of the Castellan {*Tele rC++ Int+2}
   (You found it on level 5 of the Dungeon)

   [ring of teleportation]

   It may teleport you next to monsters.
   It affects your intelligence (+2).
   It greatly protects you from cold.
 l - an uncursed ring of fire
 m - an uncursed ring of fire
Wands
 e - a wand of lightning (5/15)
 u - a wand of confusion (34/48)
 v - a wand of disintegration (23/24)
 w - a wand of lightning (5/15)
 y - a wand of iceblast (6/15)
Scrolls
 k - 2 scrolls of amnesia
 o - 3 scrolls of remove curse
Potions
 j - 2 potions of might
 n - 2 potions of flight
 s - 3 potions of agility
 t - 5 potions of curing
 x - a potion of resistance
 z - a potion of brilliance
 A - a potion of berserk rage {unknown}
Books
 c - a book of Battle

   Spells                             Type                      Level
   a - Infusion                       Charms                       1
   b - Shroud of Golubria             Charms/Translocation         2
   c - Song of Slaying                Charms                       2
   d - Spectral Weapon                Hexes/Charms                 3
   e - Regeneration                   Charms/Necromancy            3
 p - a book of Cantrips

   Spells                             Type                      Level
   a - Confusing Touch                Hexes                        1
   b - Animate Skeleton               Necromancy                   1
   c - Summon Small Mammal            Summoning                    1
   d - Apportation                    Translocation                1
 r - a book of Minor Magic

   Spells                             Type                      Level
   a - Magic Dart                     Conjuration                  1
   b - Blink                          Translocation                2
   c - Call Imp                       Summoning                    2
   d - Repel Missiles                 Charms/Air                   2
   e - Slow                           Hexes                        2
   f - Conjure Flame                  Conjuration/Fire             3
   g - Mephitic Cloud                 Conjuration/Poison/Air       3
 B - a book of Air

   Spells                             Type                      Level
   a - Shock                          Conjuration/Air              1
   b - Swiftness                      Charms/Air                   2
   c - Repel Missiles                 Charms/Air                   2
   d - Static Discharge               Conjuration/Air              3
   e - Lightning Bolt                 Conjuration/Air              5
Comestibles
 d - 9 bread rations
 f - 2 meat rations
 i - 8 royal jellies


   Skills:
 + Level 8.3 Fighting
 * Level 9.8 Maces & Flails
 - Level 2.1 Dodging
 + Level 5.5 Spellcasting
 - Level 5.1 Charms
 - Level 2.0 Necromancy
 - Level 2.0 Translocations
 - Level 2.1 Invocations


You had 10 spell levels left.
You knew the following spells:

 Your Spells              Type           Power        Failure   Level  Hunger
a - Infusion              Chrm           ###.         1%          1    None
b - Repel Missiles        Chrm/Air       ##....       12%         2    ##.....
c - Song of Slaying       Chrm           ###.....     2%          2    ##.....
d - Shroud of Golubria    Chrm/Tloc      ##........   10%         2    ##.....
e - Regeneration          Chrm/Necr      ##........   14%         3    ###....


Dungeon Overview and Level Annotations

Branches:
Dungeon (8/15)             Temple (0/1) D:4
   Lair: D:8-11

Altars:
Dithmenos
Okawaru
Ru
Uskayaw
Yredelemnul

Shops:
D:7 (

Annotations:
D:3 Pikel
D:4 azzavlup's ghost, novice DsAK


Innate Abilities, Weirdness & Mutations

You are too large for most types of armour.
You have tough skin. (AC +1)


Message History

* * * LOW HITPOINT WARNING * * *
The killer bee stings you but does no damage.
The killer bee stings you.
* * * LOW HITPOINT WARNING * * *
The killer bee stings you.
* * * LOW HITPOINT WARNING * * *
You are more poisoned.
The killer bee poisons you! The killer bee stings you.
* * * LOW HITPOINT WARNING * * *
You are lethally poisoned!
The killer bee poisons you!
Okay, then.
You feel better. The killer bee closely misses you. The killer bee stings you.
* * * LOW HITPOINT WARNING * * *
The killer bee stings you!
* * * LOW HITPOINT WARNING * * *
The killer bee stings you!
* * * LOW HITPOINT WARNING * * *
The killer bee stings you!
You die...

#... ... ... #.#
#.# .# ..
####.##.#...
#......>....
#<................
#@y..........)....
#yyy..............
#O...............$
##..#####..........
#..## #.........
#l## #......... #.#
##.......(.
#.#######y...[....!
#.##.y.OZKlK.......


You could see an ogre, 4 killer bees and a leopard gecko.

Vanquished Creatures
  A two-headed ogre (D:8)
  A troll (D:7)
  A hippogriff (D:7)
  A human (D:7)
  4 hogs
  Menkaure (D:4)
  2 ice beasts
  4 sky beasts
  4 slaves
  3 ogres
  A centaur (D:6)
  A phantom (D:7)
  A big kobold (Sewer)
  A bullfrog (D:7)
  A howler monkey (D:5)
  2 crimson imps (D:6)
  A centaur zombie (D:5)
  3 hounds
  2 jellies
  2 orc priests (D:6)
  A centaur skeleton (D:6)
  2 bullfrog skeletons
  5 iguanas
  3 worker ants
  A hound zombie (D:7)
  A hound skeleton (D:6)
  A worker ant zombie (D:8)
  3 gnolls (D:5)
  5 river rats (Sewer)
  11 adders
  A shadow imp (D:7)
  An ooze (D:3)
  A worm (D:3)
  2 leopard geckos (D:3)
  10 orcs
  8 giant cockroaches
  8 goblins
  4 hobgoblins
  24 jackals
  24 kobolds
  7 quokkas
  8 ball pythons
  5 bats
  6 frilled lizards
  A giant cockroach zombie (D:5)
  A leopard gecko skeleton (D:6)
  3 quokka skeletons
  26 rats
210 creatures vanquished.

Notes
Turn   | Place    | Note
-------+----------+-------------------------------------------
     0 | D:1      | Klosterheim the Ogre Skald began the quest for the Orb.
     0 | D:1      | Reached XP level 1. HP: 22/22 MP: 3/3
     6 | D:1      | Reached skill level 2 in Maces & Flails
   140 | D:1      | Reached XP level 2. HP: 7/31 MP: 5/5
  1273 | D:1      | Reached XP level 3. HP: 30/37 MP: 6/6
  1932 | D:3      | Found an iron altar of Okawaru.
  1941 | D:3      | Became a worshipper of Warmaster Okawaru
  2237 | D:3      | Reached skill level 3 in Maces & Flails
  2415 | D:3      | Reached XP level 4. HP: 24/48 MP: 3/7
  3227 | D:3      | Reached XP level 5. HP: 29/54 MP: 8/8
  3238 | D:3      | Learned a level 2 spell: Repel Missiles
  3459 | D:4      | Noticed azzavlup's ghost (novice DsAK)
  3461 | D:4      | Noticed Menkaure
  3990 | D:4      | Killed Menkaure
  3990 | D:4      | Reached skill level 4 in Maces & Flails
  3990 | D:4      | Reached XP level 6. HP: 21/62 MP: 2/9
  4291 | D:4      | Found a staircase to the Ecumenical Temple.
  4493 | D:4      | Noticed a slave
  4519 | D:4      | Killed a slave
  4647 | D:4      | Learned a level 2 spell: Song of Slaying
  4653 | D:4      | Noticed a slave
  4654 | D:4      | Noticed a slave
  4655 | D:4      | Noticed Pikel
  4679 | D:3      | Killed a slave
  4842 | D:4      | Killed a slave
  4955 | D:4      | Noticed a slave
  5338 | D:4      | Killed a slave
  5484 | D:4      | Found a basalt altar of Yredelemnul.
  5484 | D:4      | Found a hide-covered altar of Uskayaw.
  5537 | D:5      | Entered Level 5 of the Dungeon
  5539 | D:5      | Found a glowing drain.
  5556 | Sewer    | Entered a sewer
  6005 | Sewer    | Reached skill level 5 in Maces & Flails
  6515 | Sewer    | Reached XP level 7. HP: 46/70 MP: 4/10
  7044 | D:5      | Reached skill level 6 in Maces & Flails
  7140 | D:5      | Reached * piety under Okawaru
  7273 | D:5      | Learned a level 2 spell: Shroud of Golubria
  7277 | D:5      | Learned a level 3 spell: Regeneration
  7384 | D:5      | Got a bound steel ring
  7416 | D:5      | Reached skill level 1 in Translocations
  7586 | D:5      | Reached skill level 1 in Necromancy
  7688 | D:5      | Reached XP level 8. HP: 60/78 MP: 1/11
  7899 | D:5      | Found a shadowy altar of Dithmenos.
  7900 | D:5      | Found a sacrificial altar of Ru.
  7957 | D:6      | Found an iron altar of Okawaru.
  8290 | D:6      | Reached skill level 1 in Invocations
  8449 | D:6      | Reached skill level 7 in Maces & Flails
  8949 | D:7      | Identified the ring of the Castellan {*Tele rC++ Int+2} (You found it on level 5 of the Dungeon)
  9126 | D:7      | Reached ** piety under Okawaru
  9126 | D:7      | Reached skill level 5 in Fighting
  9433 | D:6      | Reached skill level 5 in Charms
  9818 | D:6      | Reached XP level 9. HP: 31/89 MP: 9/12
 10068 | D:6      | Reached skill level 8 in Maces & Flails
 10446 | D:7      | Reached *** piety under Okawaru
 11147 | D:7      | Reached skill level 9 in Maces & Flails
 11266 | D:7      | Noticed a troll
 11278 | D:7      | Killed a troll
 11419 | D:7      | Found Ucuj Qeom's Weapon Boutique.
 11699 | D:8      | Noticed a two-headed ogre
 11710 | D:8      | Killed a two-headed ogre
 11710 | D:8      | Reached **** piety under Okawaru
 11710 | D:8      | Reached skill level 5 in Spellcasting
 11710 | D:8      | Reached XP level 10. HP: 35/104 MP: 6/18
 12075 | D:8      | Slain by a killer bee

Vault maps used:
D:1:      dpeg_arrival_tiny_f
D:3:      overflow_temple_1_default
D:4:      gammafunk_temple_overflow_pools, temple_statues, uniq_menkaure,
          uniq_pikel
D:5:      gammafunk_temple_overflow_statue, gup_sewer_entry_glass, first_bread
D:6:      basic_altar, interstate_on_off
D:7:      serial_shops, nicolae_shop_temple_entry_statues_fountains,
          grunt_livestock, kennysheep_generic_room_8
D:8:      dpeg_oklobed_lair, nicolae_ru_path_of_blood
Sewer:    sewer_minmay_treatment

Skill      XL: |  1  2  3  4  5  6  7  8  9 |
---------------+----------------------------+-----
Maces & Flails | 2 3 4 5 6 7 9 |  9.8
Fighting       | 3 4 5 8 |  8.3
Charms         | 3 4 5 |  5.1
Translocations | 1 2 |  2.0
Necromancy     | 1 2 |  2.0
Invocations    | 2 |  2.1
Spellcasting   | 5 |  5.5
Dodging        | |  2.1

Action                   |  1- 3 |  4- 6 |  7- 9 | 10-12 || total
-------------------------+-------+-------+-------+-------++-------
Melee: Mace              |   164 |   319 |    45 |       ||   528
       Giant club        |       |       |   347 |     6 ||   353
       Giant spiked club |       |       |       |     6 ||     6
 Cast: Infusion          |     6 |    18 |    29 |     1 ||    54
       Repel Missiles    |       |     2 |       |       ||     2
       Song of Slaying   |       |     5 |     4 |     1 ||    10
       Shroud of Golubri |       |       |    15 |     1 ||    16
       Regeneration      |       |       |     9 |       ||     9
Invok: Heroism           |       |       |     5 |     1 ||     6
  Use: Scroll            |       |    10 |    11 |     1 ||    22
       Potion            |       |       |     6 |     2 ||     8
 Stab: Sleeping          |       |       |     1 |       ||     1
  Eat: Chunk             |     5 |    14 |    10 |     2 ||    31
       Meat ration       |       |       |     2 |       ||     2
Armor: Robe              |    70 |   116 |   154 |     6 ||   346
       Skin              |       |       |     6 |       ||     6
Dodge: Dodged            |   106 |   223 |   274 |    24 ||   627
       Deflected         |       |     2 |     1 |     1 ||     4
